 Dungeon Crawl Stone Soup version 0.29.1-15-g9cfb28693d (webtiles) character file.

Game seed: 12556900713038333502

563 tizbic2 the Trooper (level 7, -1/61 HPs)
             Began as a Ghoul Monk on Apr 18, 2023.
             Was a Priest of Sif Muna.
             Killed from afar by Dowan (13 damage)
             ... with a shard of ice
             ... on level 5 of the Dungeon.
             The game lasted 00:15:53 (4479 turns).

tizbic2 the Trooper (Ghoul Monk)                    Turns: 4479, Time: 00:15:54

Health: -1/61      AC: 11    Str: 15    XL:     7   Next: 32%
Magic:  12/12      EV: 10    Int: 13    God:    Sif Muna [***...]
Gold:   149        SH:  3    Dex: 11    Spells: 13/15 levels left

rFire   . . .      SeeInvis .   u - +0 spear (vorpal)
rCold   + . .      Faith    .   F - +0 buckler
rNeg    + + +      Spirit   .   i - +0 ring mail
rPois   ∞          Reflect  .   r - +0 helmet
rElec   .          Harm     .   d - +1 cloak
rCorr   .          Rampage  .   (no gloves)
Will    .....                   z - +2 pair of boots
Stlth   +.........              (no amulet)
HPRegen 0.00/turn               l - +6 ring of intelligence
MPRegen 0.13/turn               (no ring)

@: inhibited regen
A: claws 1, cold resistance 1, negative energy resistance 3, inhibited
regeneration, torment resistance 2, devour on kill
a: Renounce Religion, Channel Magic, Forget Spell


You were on level 5 of the Dungeon.
You worshipped Sif Muna.
Sif Muna was most pleased with you.
You visited 1 branch of the dungeon, and saw 5 of its levels.

You collected 149 gold pieces.

Inventory:

Hand Weapons
 a - a +0 mace
 j - a +0 flail
 u - a +0 vorpal spear (weapon)
 w - a +0 sling
 y - a +0 hand axe
Missiles
 e - 4 poisoned darts (quivered)
 q - 2 silver boomerangs
 v - a throwing net
 A - 5 boomerangs
Armour
 b - a +0 robe
 d - a +1 cloak (worn)
 i - a +0 ring mail (worn)
 k - a +0 scale mail
 r - a +0 helmet (worn)
 z - a +2 pair of boots (worn)
 F - a +0 buckler (worn)
Jewellery
 l - a +6 ring of intelligence (left claw)
Wands
 m - a wand of light (5)
Scrolls
 f - 2 scrolls of immolation
 h - 4 scrolls of teleportation
 n - a scroll of summoning
 t - a scroll of enchant weapon {unknown}
 x - 2 scrolls of identify
Potions
 c - a potion of flight
 g - a potion of haste
 o - 2 potions of curing
 s - a potion of might {unknown}
 B - a potion of resistance {unknown}
 D - 2 potions of brilliance {unknown}
 E - a potion of lignification {unknown}


   Skills:
 + Level 5.6 Fighting
 + Level 3.2 Maces & Flails
 - Level 2.7 Dodging
 - Level 2.2 Stealth
 * Level 0.9 Shields
 - Level 0.7 Unarmed Combat
 * Level 4.6 Spellcasting


You had 13 spell levels left.
You knew the following spells:

 Your Spells              Type           Power      Damage    Failure   Level
a - Ensorcelled Hibernat  Hex/Ice        4%         N/A       63%         2

Your spell library contained the following spells:

 Spells                   Type           Power      Damage    Failure   Level
 Anguish                  Hex/Necr       1%         N/A       99%         4
 Spider Form              Tmut/Pois      Unusable   N/A       N/A         3

Dungeon Overview and Level Annotations

Branches:
Dungeon (5/15)             Temple (0/1) D:4

Altars:
Sif Muna

Shops:
D:3 ?

Annotations:
D:5 2 transporters, Dowan; Imhoden's ghost, novice GnIE


Innate Abilities, Weirdness & Mutations

You are immune to poison.
You have sharp fingernails.
Your flesh is cold resistant. (rC+)
You are immune to negative energy. (rN+++)
You do not regenerate when monsters are visible.
You are immune to unholy pain and torment.
You thrive by killing the living.


Message History

Dowan gestures at you while chanting. The shard of ice misses you.
Dowan hits you but does no damage.
You barely miss Dowan.
Dowan is lightly wounded.
Dowan closely misses you.
You hit Dowan.
Dowan is heavily wounded.
Dowan closely misses you.
Dowan casts a spell.
Dowan blinks!
Dowan says, "How can I live without her?"
Dowan points at you and mumbles some strange words.
The shard of ice hits you! You partially resist.
* * * LOW HITPOINT WARNING * * *
You completely miss Dowan.
Dowan is heavily wounded.
Dowan gestures at you while chanting. The shard of ice hits you.
You partially resist.
* * * LOW HITPOINT WARNING * * *
You barely miss Dowan.
Dowan is heavily wounded.
Dowan hits you with a +0 dagger.
* * * LOW HITPOINT WARNING * * *
Dowan closely misses you.
You feel better. Dowan hits you with a +0 dagger.
* * * LOW HITPOINT WARNING * * *
Dowan barely misses you.
You hit Dowan.
Dowan is heavily wounded.
Dowan mumbles some strange words.
Dowan blinks!
Dowan points at you and mumbles some strange words.
The stone arrow hits you!
* * * LOW HITPOINT WARNING * * *
Dowan is nearby!
You feel better. Dowan gestures at you while chanting.
The shard of ice hits you! You partially resist.
You die...

.# .###########
.'.........#
.#########.### ## #...##
## ####..### .# #.......#
.########.....#.#########
.'.†...........e@........
.##.#############.######
# ....# #.## # ....# #).#
# ....# ##.# #########
....# #.## #........
....# #..## #.# #...
....####### ##..## #.#
#.[. ..........### ##..#
#e# #...


You could see Dowan (fast).

Vanquished Creatures
  Duvessa (D:5)
  2 scorpions (D:4)
  3 hounds (D:5)
  3 iguanas
  4 gnolls (D:3)
  7 adders
  An ufetubus (D:5)
  A worm (D:5)
  3 dart slugs
  5 endoplasms
  2 giant cockroaches (D:2)
  8 goblins
  10 hobgoblins
  4 jackals (D:3)
  A quokka (D:2)
  7 ball pythons (D:1)
  9 bats
  5 frilled lizards
  3 kobolds
  4 rats
83 creatures vanquished.

Notes
Turn   | Place    | Note
-------+----------+-------------------------------------------
     0 | D:1      | tizbic2 the Ghoul Monk began the quest for the Orb.
     0 | D:1      | Reached XP level 1. HP: 19/19 MP: 0/0
   231 | D:1      | Reached XP level 2. HP: 19/26 MP: 1/1
   391 | D:1      | Found a faded altar of an unknown god.
   403 | D:1      | Prayed at the altar of an unknown god.
   403 | D:1      | Became a worshipper of Sif Muna the Loreminder
   403 | D:1      | Reached * piety under Sif Muna
   403 | D:1      | Reached ** piety under Sif Muna
   524 | D:1      | Reached *** piety under Sif Muna
   639 | D:1      | Reached XP level 3. HP: 31/31 MP: 1/3
   698 | D:1      | Learned a level 2 spell: Ensorcelled Hibernation
   953 | D:2      | Reached skill level 1 in Spellcasting
  1066 | D:2      | You fall into a shaft and drop 1 floor!
  1758 | D:2      | Reached skill level 4 in Fighting
  1758 | D:2      | Reached XP level 4. HP: 39/40 MP: 5/5
  2052 | D:3      | Found Vetig's Magic Scroll Emporium.
  2556 | D:3      | Reached XP level 5. HP: 47/47 MP: 7/7
  2566 | D:3      | Reached **** piety under Sif Muna
  2959 | D:4      | Found a staircase to the Ecumenical Temple.
  3156 | D:4      | Reached XP level 6. HP: 33/55 MP: 8/10
  3388 | D:4      | Reached skill level 5 in Fighting
  3888 | D:5      | Entered Level 5 of the Dungeon
  4203 | D:5      | Found a transporter.
  4206 | D:5      | Noticed Imhoden's ghost (novice GnIE)
  4226 | D:5      | Found a transporter.
  4274 | D:5      | Reached XP level 7. HP: 46/61 MP: 12/12
  4420 | D:5      | Noticed Duvessa
  4420 | D:5      | Noticed Dowan
  4457 | D:5      | Killed Duvessa
  4474 | D:5      | HP: 3/61 [Dowan/+0 dagger (2)]
  4479 | D:5      | Killed from afar by Dowan

Illustrated notes

Levels and vault maps discovered:
D:1:      heliophobic_arrival_enchanted_forest, layout_basic,
          shapermc_ecumenical_altar_notcrosses
D:2:      layout_basic, hex_intersection, minmay_misc_feat_ornament
D:3:      layout_loops_ring, serial_shops, shop, minmay_misc_feat_more_columns,
          kennysheep_nub, supply_closet_lemuel, st_stairs_3
D:4:      minmay_spotlight, layout_loops_corners, minmay_temple_entry_hall
D:5:      layout_basic, gammafunk_ghost_stat_death, uniq_duvessa

Skill      XL: |  1  2  3  4  5  6 |
---------------+-------------------+-----
Maces & Flails | 3 |  3.2
Spellcasting   | 1 2 3 4 |  4.6
Fighting       | 4 5 |  5.6
Dodging        | |  2.7
Stealth        | |  2.2
Shields        | |  0.9
Unarmed Combat | |  0.7

Action                   |  1- 3 |  4- 6 |  7- 9 || total
-------------------------+-------+-------+-------++-------
Melee: Mace              |    42 |   193 |    30 ||   265
       Flail             |    84 |     9 |       ||    93
       Punch             |     1 |     1 |       ||     2
       Spear             |       |    17 |    10 ||    27
       Hand axe          |       |    12 |       ||    12
 Fire: Sling             |       |     2 |       ||     2
  Use: Potion            |     1 |       |     5 ||     6
       Scroll            |    10 |     1 |       ||    11
 Stab: Sleeping          |     2 |     1 |       ||     3
Armor: Robe              |    29 |       |       ||    29
       Ring mail         |    33 |   139 |    22 ||   194
Dodge: Dodged            |   120 |   177 |    35 ||   332
Block: Buckler           |       |       |     6 ||     6
